 Dungeon Crawl Stone Soup version 0.31-a0-1127-ge7b2bba (webtiles) character file.

Game seed: 12523861344033729819

24378 nkoura the Basher (level 12, -11/95 HPs)
             Began as a Demonspawn Gladiator on Dec 4, 2023.
             Was an Elder of Qazlal.
             Mangled by a death yak simulacrum (28 damage)
             ... on level 1 of the Lair of Beasts.
             The game lasted 00:20:22 (13314 turns).

nkoura the Basher (Demonspawn Gladiator)           Turns: 13314, Time: 00:20:24

Health: -11/95     AC: 12    Str: 23    XL:     12   Next: 80%
Magic:  17/17      EV: 13    Int: 14    God:    Qazlal [****..]
Gold:   1337       SH:  5    Dex: 17    Spells: 11/11 levels left

rFire   + . .        H - +1 flail "Ceethrej" {heavy, Drain Str+5 Dex+2}
rCold   . . .        (no shield)
rNeg    . . .        B - +2 ring mail {rPois}
rPois   +            (helmet unavailable)
rElec   .            (no cloak)
rCorr   .            p - +1 pair of gloves
SInv    +            j - +0 pair of boots
Will    .....        b - amulet of regeneration
Stlth   +            (no ring)
HPRegen 1.15/turn    (no ring)
MPRegen 0.15/turn

%: repel missiles
@: no status effects
A: antennae 3, demonic guardian 1, foul stench 1, big brain 2, fire resistance
1, low MP 1, persistent drain
a: Renounce Religion, Upheaval, Elemental Force


You were on level 1 of the Lair of Beasts.
You worshipped Qazlal.
Qazlal was greatly pleased with you.
You visited 3 branches of the dungeon, and saw 15 of its levels.
You also visited: Bailey.

You collected 1337 gold pieces.

Inventory:

Hand Weapons
 g - a +2 whip of draining
 m - a +2 whip of freezing
 H - the +1 flail "Ceethrej" (weapon) {heavy, Drain Str+5 Dex+2}
   (You found it on level 11 of the Dungeon)

   Str+5:     It affects your strength (+5).
   Dex+2:     It affects your dexterity (+2).
   Drain:     It drains your maximum health when unequipped.
Missiles
 d - a throwing net (quivered)
 e - 4 javelins
 F - 26 boomerangs
Armour
 j - a +0 pair of boots (worn)
 p - a +1 pair of gloves (worn)
 B - a +2 ring mail of poison resistance (worn)
Jewellery
 b - an amulet of regeneration (around neck)
 s - an amulet of magic regeneration
 C - a ring of protection from cold
Wands
 q - a wand of polymorph (6)
 x - a wand of iceblast (12)
 y - a wand of paralysis (8)
Scrolls
 a - a scroll of fog {unknown}
 c - a scroll of poison {unknown}
 f - a scroll of enchant armour {unknown}
 h - a scroll of brand weapon {unknown}
 i - 2 scrolls of summoning {unknown}
 k - a scroll of fear {unknown}
 n - 7 scrolls of teleportation {unknown}
 o - a scroll of acquirement {unknown}
 t - a scroll of amnesia {unknown}
 u - a scroll of revelation {unknown}
 v - 3 scrolls of vulnerability {unknown}
 w - a scroll of enchant weapon {unknown}
 z - 4 scrolls of identify {unknown}
 D - 2 scrolls of immolation {unknown}
 E - 4 scrolls of noise {unknown}
Potions
 l - a potion of attraction {unknown}
 r - a potion of curing
 A - 6 potions of enlightenment
 G - 2 potions of cancellation {unknown}
 I - a potion of ambrosia
 J - a potion of magic {unknown}


   Skills:
 - Level 9.1 Fighting
 * Level 14.7 Maces & Flails
 - Level 2.7 Throwing
 - Level 8.1 Armour
 - Level 4.4 Dodging
 - Level 10.2 Invocations


You had 11 spell levels left.
You didn't know any spells.
Your spell library contained the following spells:

 Spells                   Type           Power      Damage    Failure   Level
 Kiss of Death            Conj/Necr      0%         2d5       38%         1
 Sandblast                Erth           0%         2d4       38%         1
 Sting                    Tmut/Pois      0%         1d3       38%         1
 Summon Small Mammal      Summ           0%         N/A       38%         1
 Ensorcelled Hibernation  Hex/Ice        0%         N/A       54%         2
 Passwall                 Tmut/Erth      0%         N/A       54%         2
 Poisonous Vapours        Pois/Air       0%         N/A       54%         2
 Call Canine Familiar     Summ           0%         N/A       77%         3
 Confusing Touch          Hex            0%         N/A       77%         3
 Stone Arrow              Conj/Erth      0%         3d7       77%         3
 Summon Guardian Golem    Hex/Summ       0%         N/A       77%         3
 Swiftness                Air            0%         N/A       77%         3
 Brom's Barrelling Bould  Conj/Erth      0%         2d3       99%         4
 Dispel Undead            Necr           0%         3d6       99%         4
 Olgreb's Toxic Radiance  Pois           0%         N/A       99%         4


Dungeon Overview and Level Annotations

Branches:
Dungeon (13/15)            Temple (1/1) D:4            Lair (1/5) D:10
    Orc (0/2) D:11         Bailey (visited)
 Vaults: D:13-14

Altars:
Ashenzari
Cheibriados
Dithmenos
Fedhas
Gozag
Hepliaklqana
Kikubaaqudgha
Makhleb
Nemelex Xobeh
Okawaru
Qazlal
Ru
Sif Muna
Trog
Uskayaw
Vehumet
Wu Jian
Xom
Yredelemnul

Shops:
D:3 !   D:6 (**(?:   D:10 ?   D:11 [

Portals:
Ice
Cave: Lair:1

Annotations:
D:6 2 transporters, WinterFox's ghost, novice DEHu
D:7 exclusion: statue
D:10 2 runed translucent doors, sol123's ghost, journeyman MiFi


Innate Abilities, Weirdness & Mutations

You have a pair of large antennae on your head. (SInv)
A weak demonic guardian rushes to your aid.
You may rarely emit foul miasma when damaged in melee.
You have an extremely huge brain. (Int +4)
Your flesh is heat resistant. (rF+)
Your magical capacity is low. (-10% MP)
Your health recovers twice as slowly from being drained.


Message History

A death yak simulacrum comes into view.
The wolf simulacrum misses you.
You barely miss the wolf simulacrum. The wolf simulacrum closely misses you.
You hit the wolf simulacrum.
The wolf simulacrum is heavily damaged.
The wolf simulacrum bites you but does no damage.
The wolf simulacrum closely misses you.
You bludgeon the wolf simulacrum!!
The wolf simulacrum vaporises!
Qazlal accepts your kill.
The death yak simulacrum barely misses you.
You hit the death yak simulacrum.
The death yak simulacrum is lightly damaged.
You block the death yak simulacrum's attack.
You hit the death yak simulacrum.
The death yak simulacrum is lightly damaged.
You block the death yak simulacrum's attack.
You completely miss the death yak simulacrum.
The death yak simulacrum is lightly damaged.
You hit the death yak simulacrum.
The death yak simulacrum is moderately damaged.
The death yak simulacrum gores you! The death yak simulacrum freezes you!!
A demonic guardian appears!
The death yak simulacrum is engulfed in blazing flames.
You hit the death yak simulacrum.
The death yak simulacrum is moderately damaged.
The death yak simulacrum misses you. The death yak simulacrum gores you.
The death yak simulacrum freezes you!!
* * * LOW HITPOINT WARNING * * *
Your ice devil hits the death yak simulacrum.
Your ice devil freezes the death yak simulacrum.
The death yak simulacrum completely resists.
You are too injured to fight recklessly!
You bludgeon the death yak simulacrum!!
The death yak simulacrum vaporises!
Qazlal accepts your kill. The death yak simulacrum gores you!
* * * LOW HITPOINT WARNING * * *
The death yak simulacrum freezes you!!
You die...

.........#.._...#
.........+.....#
.#..+##..#.....#
...............#
...>...........#
...............## .#
......##.##...☼.####..#
.......#####....)(....#
......## #...°@.....#
.....[## #.....☼Z§...#
.......# ##..○4.°....#
......## #...........#
.......# #............
......## #............
......# #.........∩..
......# #............
......#


You could see a death yak simulacrum (ally target) and a friendly ice devil
(summoned).

Vanquished Creatures
  2 boulder beetles (D:11)
  3 two-headed ogres
  2 death yaks (Lair:1)
  A deep elf knight (D:13)
  An orc knight (Bailey)
  2 ugly things
  A cyclops (D:13)
  2 manticores (D:13)
  A black mamba (Lair:1)
  A torpor snail (Lair:1)
  2 unseen horrors (D:12)
  A komodo dragon (D:11)
  A hornet (D:7)
  5 trolls
  Grinder (D:3)
  4 blink frogs (Lair:1)
  3 slime creatures (D:12)
  A centaur simulacrum (D:9)
  A shadow (D:11)
  Sigmund (D:3)
  10 yaks
  A vampire (D:12)
  5 wraiths
  A death yak simulacrum (Lair:1)
  3 vampire mosquitoes (D:13)
  2 steam dragons
  An acid dragon (D:13)
  A water moccasin (D:6)
  2 sky beasts
  14 orc warriors
  4 black bears
  An ice beast (D:5)
  2 ogres
  11 centaurs
  3 kobold brigands
  2 phantoms
  11 bullfrogs
  2 scorpions
  A cane toad simulacrum (Lair:1)
  5 wights (D:8)
  4 killer bees (D:10)
  5 howler monkeys
  An electric eel (D:8)
  2 gnoll boudas (D:6)
  2 hounds
  A jelly (D:7)
  7 orc priests
  Terence (D:3)
  11 orc wizards
  5 iguanas
  A sleepcap (D:6)
  A wolf simulacrum (Lair:1)
  4 gnolls
  4 adders
  A shadow imp (D:6)
  A white imp (D:7)
  A worm (D:2)
  2 dart slugs (D:3)
  37 orcs
  4 ball pythons
  5 bats
  7 endoplasms
  4 giant cockroaches
  13 goblins
  8 hobgoblins
  3 jackals (D:1)
  7 quokkas
  4 frilled lizards
  30 kobolds
  4 rats
298 creatures vanquished.

Vanquished Creatures (collateral kills)
  A vampire (D:11)
  An iguana (D:5)
  A gnoll (D:5)
  An adder (D:3)
  2 orcs
  A goblin (D:1)
  A kobold (Bailey)
  A rat (D:1)
9 creatures vanquished.

Grand Total: 307 creatures vanquished

Notes
Turn   | Place    | Note
-------+----------+-------------------------------------------
     0 | D:1      | nkoura the Demonspawn Gladiator began the quest for the
                  | Orb.
     0 | D:1      | Reached XP level 1. HP: 16/16 MP: 1/1
    33 | D:1      | Reached skill level 3 in Maces & Flails
    85 | D:1      | Gained mutation: A weak demonic guardian rushes to your
                  | aid. [demonic ancestry]
    85 | D:1      | Reached XP level 2. HP: 16/22 MP: 2/2
   441 | D:1      | Reached skill level 1 in Armour
   451 | D:1      | Gained mutation: You have a pair of small antennae on your
                  | head. [demonic ancestry]
   451 | D:1      | Reached XP level 3. HP: 18/28 MP: 3/3
  1800 | D:3      | Noticed Sigmund
  1800 | D:3      | Found Ahirud's Distillery.
  1830 | D:3      | Reached XP level 4. HP: 32/34 MP: 4/4
  1847 | D:3      | Killed Sigmund
  1848 | D:3      | Reached skill level 4 in Maces & Flails
  1848 | D:3      | Reached XP level 5. HP: 19/41 MP: 5/5
  2081 | D:3      | Found a faded altar of an unknown god.
  2099 | D:3      | Found a faded altar of an unknown god.
  2181 | D:3      | Noticed Grinder
  2187 | D:3      | Killed Grinder
  2188 | D:3      | Reached skill level 5 in Maces & Flails
  2188 | D:3      | Gained mutation: You have a pair of antennae on your head.
                  | [demonic ancestry]
  2188 | D:3      | Reached XP level 6. HP: 48/48 MP: 6/6
  2449 | D:3      | Noticed Terence
  2455 | D:3      | Killed Terence
  2811 | D:4      | Gained mutation: You have a pair of large antennae on your
                  | head. (SInv) [demonic ancestry]
  2811 | D:4      | Reached XP level 7. HP: 45/54 MP: 7/7
  2963 | D:4      | Found a shimmering altar of Xom.
  3444 | D:4      | Found a staircase to the Ecumenical Temple.
  3467 | Temple   | Entered the Ecumenical Temple
  3510 | Temple   | Became a worshipper of Qazlal Stormbringer
  3680 | D:5      | Entered Level 5 of the Dungeon
  3761 | D:5      | Reached skill level 6 in Maces & Flails
  4004 | D:5      | Reached skill level 1 in Invocations
  4325 | D:5      | Gained mutation: You may rarely emit foul miasma when
                  | damaged in melee. [demonic ancestry]
  4325 | D:5      | Reached XP level 8. HP: 49/61 MP: 9/9
  4501 | D:5      | Found a sparkling altar of Nemelex Xobeh.
  4746 | D:6      | Found Tophipp's Weapon Boutique.
  4755 | D:6      | Reached skill level 5 in Fighting
  4985 | D:6      | Reached skill level 7 in Maces & Flails
  5374 | D:6      | Found Suteew's Assorted Antiques.
  5380 | D:6      | Found Poecorphou's Assorted Antiques.
  5380 | D:6      | Found Hyrani's Weapon Shop.
  5381 | D:6      | Found Heot's Book Boutique.
  5381 | D:6      | Found Tizxiadgh's Magic Scroll Shoppe.
  5512 | D:6      | Reached * piety under Qazlal
  5558 | D:6      | Found a sacrificial altar of Ru.
  5620 | D:6      | Found a transporter.
  5621 | D:6      | Noticed WinterFox's ghost (novice DEHu)
  5673 | D:6      | Found a transporter.
  5778 | D:6      | Found a shimmering blue altar of Sif Muna.
  5838 | D:6      | Gained mutation: You have an unusually large brain. (Int
                  | +2) [demonic ancestry]
  5838 | D:6      | Reached XP level 9. HP: 65/69 MP: 12/12
  5970 | D:6      | Found a hide-covered altar of Uskayaw.
  6112 | D:7      | Reached skill level 8 in Maces & Flails
  6112 | D:7      | Reached skill level 5 in Armour
  6112 | D:7      | Reached skill level 5 in Invocations
  6241 | D:7      | Found a radiant altar of Vehumet.
  6457 | D:7      | Found a flagged portal.
  6472 | Bailey   | Entered a bailey
  6524 | Bailey   | Noticed an orc knight
  6785 | Bailey   | Killed an orc knight
  6821 | Bailey   | Reached ** piety under Qazlal
  6950 | Bailey   | Reached skill level 9 in Maces & Flails
  6981 | Bailey   | Reached skill level 10 in Maces & Flails
  6981 | Bailey   | Gained mutation: You have an extremely huge brain. (Int +4)
                  | [demonic ancestry]
  6981 | Bailey   | Reached XP level 10. HP: 34/80 MP: 13/16
  7008 | Bailey   | Gained mutation: Your health recovers twice as slowly from
                  | being drained. [potion of mutation]
  7008 | Bailey   | Gained mutation: Your magical capacity is low. (-10% MP)
                  | [potion of mutation]
  7008 | Bailey   | Gained mutation: Your flesh is heat resistant. (rF+)
                  | [potion of mutation]
  7455 | D:7      | Reached XP level 11. HP: 86/86 MP: 15/15
  8070 | D:8      | Noticed a two-headed ogre
  8080 | D:8      | Killed a two-headed ogre
  8628 | D:8      | Reached skill level 11 in Maces & Flails
  9416 | D:9      | Reached *** piety under Qazlal
  9517 | D:9      | Found an iron altar of Okawaru.
  9749 | D:9      | Found a hazy altar of Hepliaklqana.
  9900 | D:10     | Entered Level 10 of the Dungeon
 10070 | D:10     | Found a blossoming altar of Fedhas.
 10183 | D:10     | Found a staircase to the Lair.
 10369 | D:10     | Noticed a two-headed ogre
 10388 | D:10     | Killed a two-headed ogre
 10554 | D:10     | Noticed a two-headed ogre
 10568 | D:10     | Killed a two-headed ogre
 10696 | D:10     | Found Zenlecs's Magic Scroll Shop.
 10719 | D:10     | Found a large runed translucent door.
 10721 | D:10     | Found a large runed translucent door.
 10724 | D:10     | Noticed sol123's ghost (journeyman MiFi)
 10731 | D:10     | Found an opulent altar of Gozag.
 10897 | D:11     | Reached skill level 10 in Invocations
 10938 | D:11     | Noticed a boulder beetle
 11002 | D:11     | Killed a boulder beetle
 11018 | D:11     | Identified the +0 leather armour of New Discoveries {MP+9
                  | Str+3 Int-4}
 11057 | D:11     | Noticed a purple ugly thing
 11067 | D:11     | Reached **** piety under Qazlal
 11092 | D:11     | Killed a purple ugly thing
 11206 | D:11     | Identified the +1 flail "Ceethrej" {heavy, Drain Str+5
                  | Dex+2}
 11275 | D:11     | Reached skill level 12 in Maces & Flails
 11275 | D:11     | Reached XP level 12. HP: 91/95 MP: 17/17
 11305 | D:11     | Found Utelyocw's Armour Boutique.
 11338 | D:11     | Noticed a boulder beetle
 11351 | D:11     | Killed a boulder beetle
 11559 | D:11     | Found a staircase to the Orcish Mines.
 12189 | D:12     | Reached skill level 13 in Maces & Flails
 12894 | Lair:1   | Entered Level 1 of the Lair of Beasts
 12897 | Lair:1   | Found a burning altar of Makhleb.
 12930 | Lair:1   | Reached skill level 14 in Maces & Flails
 13035 | Lair:1   | Noticed a death yak
 13037 | Lair:1   | Noticed a death yak
 13041 | Lair:1   | Killed a death yak
 13051 | Lair:1   | Killed a death yak
 13302 | Lair:1   | Found a frozen archway.
 13314 | Lair:1   | Mangled by a death yak simulacrum

Illustrated notes

Levels and vault maps discovered:
D:1:      lordsloth_arrival_two_stooges, layout_basic, kennysheep_flooded_box
D:2:      minmay_chambers_of_ones, layout_basic, st_stairs_11
D:3:      layout_loops_ring, hellmonk_ecumenical_altar_the_god_not_taken,
          serial_shops, shop, serial_glass, glass_columns_a, glass_columns_c,
          uniq_grinder, uniq_sigmund, uniq_terence
D:4:      layout_basic, xom_butterflies, minmay_temple_entry_statues,
          minmay_tree_intersection
D:5:      layout_rooms, nemelex_diamond_rough_becter,
          minmay_misc_feat_secret_circle
D:6:      layout_cave_pools, nicolae_uskayaw_suspiria, kennysheep_mini,
          lemuel_doored_altar, gammafunk_ghost_smash, kennysheep_crisscross,
          nicolae_wooded_promenade, nicolae_stop_n_shop_1,
          eino_small_chamber_without_monster, nicolae_grassy_gnolls
D:7:      layout_loops_ring, vehumet_statue, enter_bailey_3, st_stairs_13
D:8:      minmay_skewed_foursquare, layout_loops_ring, serial_bayou_pond_e,
          dreamdust_princess_bridge, minmay_misc_feat_chi, minivault_19,
          moated_statue
D:9:      layout_irregular_city, mainiacjoe_overflow_six_doors_small,
          tso_metal_star, mainiacjoe_overflow_paths
D:10:     layout_roguey, mainiacjoe_overflow_small_starburst,
          fedhas_ov_isle_minmay, grunt_gozag_breadcrumbs, serial_shops,
          kennysheep_little_box, serial_corexii_hall,
          chequers_hall_statues_wall_a, corexii_hall_statues_l,
          chequers_hall_statues_y, ebering_ghost_disaster_area
D:11:     layout_roguey, orc_0_dummy, serial_shops, shop
D:12:     layout_stronghold
D:13:     layout_loops_cross, uniq_nessos
Temple:   zaba_magenta_temple
Lair:1:   layout_chaotic_city, portal_ice_cave_entry_ice_simulacra, basic_altar

Skill      XL: |  1  2  3  4  5  6  7  8  9 10 11 12 |
---------------+-------------------------------------+-----
Maces & Flails | 3 4 5 6 7 10 12 14 | 14.7
Armour         | 1 2 3 4 7 8 |  8.1
Fighting       | 3 4 5 8 9 |  9.1
Invocations    | 2 4 8 10 | 10.2
Throwing       | 2 |  2.7
Dodging        | 4 |  4.4

Action                     |  1- 3 |  4- 6 |  7- 9 | 10-12 || total
---------------------------+-------+-------+-------+-------++-------
  Melee: Flail             |    40 |       |       |   183 ||   223
         Whip              |    78 |    62 |   430 |   572 ||  1142
         Punch             |     5 |       |     5 |    17 ||    27
         Unarmed           |       |     8 |       |       ||     8
  Throw: Throwing net      |     2 |       |     2 |     1 ||     5
         Boomerang         |       |       |     7 |       ||     7
    Use: Potion            |     1 |       |     4 |     3 ||     8
   Stab: Sleeping          |     1 |     1 |       |       ||     2
         Distracted        |       |       |     1 |     1 ||     2
         Held in net/web   |       |       |     1 |       ||     1
 Armour: Leather armour    |    84 |    29 |   123 |       ||   236
         Ring mail         |       |       |   135 |   395 ||   530
  Dodge: Dodged            |    89 |    32 |   215 |   374 ||   710
         Repelled          |       |       |       |     2 ||     2
  Block: Other             |       |       |     8 |   118 ||   126

Table legend: (Time is in decaauts)
 A = Elapsed time spent in this place.
 B = Non-inter-level travel time spent in this place.
 C = Inter-level travel time spent in this place.
 D = Time resting spent in this place.
 E = Time spent auto-exploring this place.
 F = Levels seen in this place.
 G = Mean time per level.
                   A        B        C        D        E       F      G
               +--------+--------+--------+--------+--------+-----+--------+
         Total |  12971 |  12422 |    549 |      0 |  10035 |  16 |  810.7 |
       Dungeon |  11596 |  11074 |    522 |      0 |   9174 |  13 |  892.0 |
        Temple |     56 |     30 |     26 |      0 |      0 |   1 |   56.0 |
          Lair |    434 |    433 |      1 |      0 |    283 |   1 |  434.0 |
        Bailey |    884 |    884 |      0 |      0 |    578 |   1 |  884.0 |
               +--------+--------+--------+--------+--------+-----+--------+

Top non-repeatable levels by time:
     D:5: 1439 daAuts
     D:8: 1244 daAuts
    D:12: 1012 daAuts
     D:4: 975 daAuts
     D:1: 951 daAuts
    D:10: 915 daAuts
     D:6: 911 daAuts
  Bailey: 884 daAuts
     D:2: 853 daAuts
     D:3: 826 daAuts
    D:11: 761 daAuts
     D:9: 756 daAuts
     D:7: 740 daAuts
  Lair:1: 434 daAuts
    D:13: 207 daAuts
